 Dungeon Crawl Stone Soup version 0.31-a0-986-g5e6e4ef867 (webtiles) character file.

Game seed: 5810538299654111491

20 LeprechaunX the Changeling (level 2, 0/18 HPs)
             Began as an Octopode Shapeshifter on Nov 6, 2023.
             Slain by a kobold
             ... wielding a +4 dagger of speed
              (7 damage)
             ... on level 1 of the Dungeon.
             The game lasted 00:00:28 (362 turns).

LeprechaunX the Changeling (Octopode Shapeshifter)   Turns: 362, Time: 00:00:29

Health: 0/18       AC:  1    Str: 13    XL:     2   Next: 79%
Magic:  2/2        EV: 13    Int: 12    God:
Gold:   34         SH:  0    Dex: 11    Spells: 1/1 levels left

rFire   . .          .
                       - Unarmed
rCold   . . .        (no shield)
rNeg    . . .        (helmet currently unavailable)
rPois   .            (no amulet)
rElec   .            (no ring)
rCorr   .            (no ring)
SInv    .            (no ring)
Will    .....        (no ring)
Stlth   ++           (no ring)
HPRegen 0.23/turn    (no ring)
MPRegen 0.08/turn    (no ring)
                     (no ring)

%: no passive effects
@: beast-form
A: beast (slay +1), almost no armour, amphibious, 8 rings, camouflage 1,
gelatinous body 1, (nimble swimmer 1), tentacles
a: Begin Untransformation


You were on level 1 of the Dungeon.
You were a hulking beast.
You visited 1 branch of the dungeon, and saw 1 of its levels.

You collected 34 gold pieces.

Inventory:

Missiles
 e - 4 poisoned darts
Talismans
 b - a beast talisman
 c - a flux talisman
Scrolls
 f - a scroll of fog {unknown}
 g - a scroll of teleportation {unknown}
 h - a scroll of silence {unknown}
Potions
 a - a potion of lignification
 d - a potion of curing {unknown}


   Skills:
 + Level 1.4 Fighting
 + Level 0.3 Throwing
 - Level 2.0 Dodging
 + Level 3.2 Unarmed Combat
 * Level 3.3 Shapeshifting


You had one spell level left.
You didn't know any spells.
Your spell library was empty.

Dungeon Overview and Level Annotations

Branches:
Dungeon (1/15)

Altars:


Innate Abilities, Weirdness & Mutations

You are a hulking beast.
Your limbs bulge with bestial killing power. (Slay +1)
You cannot wear most types of armour.
You are amphibious.
You can wear up to eight rings at the same time.
Your skin changes colour to match your surroundings (Stealth+).
Your rubbery body absorbs attacks. (AC +1, EV +1)
((You are camouflaged when in or above water. (Stealth+)))
You have tentacles for arms and can constrict up to eight enemies at once.


Message History

The rat bites you.
You tentacle-slap the hobgoblin. Your grab misses the hobgoblin.
The hobgoblin is almost dead.
The rat misses you. The hobgoblin barely misses you.
You bludgeon the hobgoblin!
You kill the hobgoblin!
The rat bites you.
You tentacle-slap the rat but do no damage.
You grab the rat. You constrict the rat. The rat closely misses you.
You bludgeon the rat!
You kill the rat!
No target in view!
No target in view!
No target in view!
Things that are here:
a +0 dagger; a hobgoblin corpse; a goblin corpse
h - a scroll labelled TEGEKL DYUTIUGHIR A hobgoblin comes into view.
A hobgoblin is nearby!
A hobgoblin is nearby!
A hobgoblin is nearby!
A hobgoblin and an endoplasm come into view.
A kobold comes into view. It is wielding a +4 dagger of speed.
The hobgoblin shouts!
The hobgoblin shouts!
The kobold shouts!
The kobold hits you with a +4 dagger of speed.
You tentacle-slap the hobgoblin. You grab the hobgoblin.
The hobgoblin is lightly wounded.
You constrict the hobgoblin, but do no damage.
The kobold hits you with a +4 dagger of speed.
The hobgoblin misses you.
You are too injured to fight recklessly!
You are too injured to fight recklessly!
You are too injured to fight recklessly!
You tentacle-slap the hobgoblin.
The hobgoblin is almost dead.
You constrict the hobgoblin.
You kill the hobgoblin!
The kobold hits you with a +4 dagger of speed!
You die...

#.###.#.## #.###.#.#
.##.###.##....#
..............#
.#####..##....# # #
#####..###.#.#
#..#.##......###.#.#
.......K###......# #
#.h###..#####.
#†.............
#........g####.##
##.#.#.....J..
##.......###.J
#...#.##.#
#.#..#.##.#
#.##....##.# .#
#.#..# .#


You could see an endoplasm, a hobgoblin and a kobold.

Vanquished Creatures
  A dart slug (D:1)
  An endoplasm (D:1)
  A giant cockroach (D:1)
  2 goblins (D:1)
  2 hobgoblins (D:1)
  3 jackals (D:1)
  A quokka (D:1)
  3 bats (D:1)
  A frilled lizard (D:1)
  2 rats (D:1)
17 creatures vanquished.

Notes
Turn   | Place    | Note
-------+----------+-------------------------------------------
     0 | D:1      | LeprechaunX the Octopode Shapeshifter began the quest for
                  | the Orb.
     0 | D:1      | Reached XP level 1. HP: 13/13 MP: 1/1
    60 | D:1      | Reached XP level 2. HP: 2/18 MP: 2/2
   362 | D:1      | Slain by a kobold

Illustrated notes

Levels and vault maps discovered:
D:1:      ebering_hopf_link, layout_loops_ring

Action                     || total
---------------------------++-------
  Melee: Unarmed           ||    37
         Constrict         ||     8
         Tentacles         ||     3
         Punch             ||     2
   Stab: Sleeping          ||     3
 Armour: Skin              ||    21
  Dodge: Dodged            ||    21

Table legend: (Time is in decaauts)
 A = Elapsed time spent in this place.
 B = Non-inter-level travel time spent in this place.
 C = Inter-level travel time spent in this place.
 D = Time resting spent in this place.
 E = Time spent auto-exploring this place.
 F = Levels seen in this place.
 G = Mean time per level.
                   A        B        C        D        E       F      G
               +--------+--------+--------+--------+--------+-----+--------+
         Total |    360 |    360 |      0 |      0 |    262 |   1 |  360.0 |
       Dungeon |    360 |    360 |      0 |      0 |    262 |   1 |  360.0 |
               +--------+--------+--------+--------+--------+-----+--------+

Top non-repeatable levels by time:
     D:1: 360 daAuts
